 Dungeon Crawl Stone Soup version 0.26.1-11-gd32895ea62 (webtiles) character file.

Game seed: 7259511811907925789

18133 nothank2 the Geomancer (level 12, -1/63 HPs)
             Began as a Gargoyle Earth Elementalist on July 13, 2021.
             Was an Elder of Hepliaklqana.
             Slain by a seven-headed hydra (3 damage)
             ... on level 5 of the Lair of Beasts on July 14, 2021.
             The game lasted 01:29:22 (17879 turns).

nothank2 the Geomancer (GrEE)                      Turns: 17879, Time: 01:29:22

Health: -1/63      AC: 22    Str: 15    XL:     12   Next: 55%
Magic:  21/24      EV: 11    Int: 20    God:    Hepliaklqana [****..]
Gold:   704        SH:  0    Dex: 15    Spells: 6/27 levels left

rFire    . . .     SeeInvis .   r - +7 scythe (vorpal)
rCold    x . .     Faith    .   (shield currently unavailable)
rNeg     + . .     Spirit   .   F - +0 acid dragon scales
rPois    ∞         Reflect  .   (no helmet)
rElec    +         Harm     .   Q - +0 cloak of Pessimism {rC- Str+2 Dex+5 Stlth+}
rCorr    +         Rampage  .   J - +0 pair of gloves
Will     .....                  (no boots)
Stlth    +++.......             (no amulet)
HPRegen  0.20/turn              w - ring of wizardry
MPRegen  0.19/turn              A - +4 ring of protection

@: no status effects
A: reduced essence, negative energy resistance 1, electricity resistance,
unbreathing, petrification resistance, miasma immunity, AC +8
a: Renounce Religion, Recall Ancestor, Ancestor Identity, Transference, Idealise


You were on level 5 of the Lair of Beasts.
You worshipped Hepliaklqana.
Hepliaklqana was greatly pleased with you.
You visited 3 branches of the dungeon, and saw 14 of its levels.
You also visited: Sewer and Gauntlet.

You collected 704 gold pieces.

Inventory:

Hand Weapons
 r - a +7 vorpal scythe (weapon)
Missiles
 b - 268 stones
Armour
 E - a scarf of repulsion
 F - +0 acid dragon scales (worn)
 J - a +0 pair of gloves (worn)
 O - a +2 cloak of willpower
 Q - the +0 cloak of Pessimism (worn) {rC- Str+2 Dex+5 Stlth+}
   (You found it on level 3 of the Lair of Beasts)

   It affects your strength (+2).
   It affects your dexterity (+5).
   It makes you vulnerable to cold.
   It makes you more stealthy.
Jewellery
 i - an uncursed ring of positive energy {unknown}
 w - a ring of wizardry (left hand)
 z - an uncursed ring of stealth
 A - a +4 ring of protection (right hand)
 K - an uncursed ring of see invisible
Wands
 d - a wand of paralysis (9)
 q - a wand of random effects (44)
 v - a wand of flame (37)
 y - a wand of acid (15)
 C - a wand of disintegration (15)
 M - a wand of digging (5)
Scrolls
 m - 7 scrolls of remove curse
 n - 4 scrolls of fog
 o - 4 scrolls of fear
 B - 5 scrolls of teleportation
 G - a scroll of magic mapping
Potions
 g - a potion of resistance {unknown}
 j - a potion of haste
 k - a potion of brilliance
 p - 3 potions of heal wounds
 s - 7 potions of might
 t - 3 potions of flight
 u - 3 potions of lignification
 x - 2 potions of degeneration
 D - 2 potions of curing
 H - a potion of magic {unknown}
 I - a potion of attraction {unknown}
 L - 2 potions of mutation
 N - 2 potions of cancellation {unknown}
 T - 2 potions of berserk rage {unknown}


   Skills:
 + Level 6.4 Fighting
 - Level 5.1 Armour
 - Level 1.5 Dodging
 - Level 2.1 Stealth
 + Level 8.2 Spellcasting
 + Level 6.5 Conjurations
 - Level 6.1 Transmutations
 + Level 5.8 Fire Magic
 + Level 14.6 Earth Magic


You had 6 spell levels left.
You knew the following spells:

 Your Spells              Type           Power        Failure   Level
a - Sandblast             Erth           100%         1%          1
b - Stone Arrow           Conj/Erth      100%         1%          3
c - Petrify               Tmut/Erth      49%          1%          4
d - Lee's Rapid Deconstr  Erth           30%          1%          5
e - Gell's Gravitas       Tloc           4%           14%         3
f - Fireball              Conj/Fire      16%          10%         5

Your spell library contained the following spells:

 Spells                   Type           Power        Failure   Level
 Beastly Appendage        Tmut           64%          1%          1
 Foxfire                  Conj/Fire      100%         1%          1
 Passwall                 Tmut/Erth      40%          1%          2
 Wereblood                Tmut           32%          1%          2
 Conjure Flame            Conj/Fire      33%          1%          3
 Sticky Flame             Conj/Fire      33%          3%          4
 Animate Skeleton         Necr           16%          4%          1
 Apportation              Tloc           16%          4%          1
 Pain                     Necr           32%          4%          1
 Inner Flame              Hex/Fire       20%          4%          3
 Spider Form              Tmut/Pois      10%          4%          3
 Ensorcelled Hibernation  Hex/Ice        16%          7%          2
 Blade Hands              Tmut           16%          11%         5
 Ice Form                 Ice/Tmut       20%          13%         4
 Confusing Touch          Hex            8%           14%         3
 Lesser Beckoning         Tloc           4%           14%         3
 Portal Projectile        Hex/Tloc       16%          14%         3
 Tukima's Dance           Hex            8%           14%         3
 Vampiric Draining        Necr           4%           14%         3
 Alistair's Intoxication  Tmut/Pois      13%          32%         5
 Yara's Violent Unravell  Hex/Tmut       10%          32%         5
 Animate Dead             Necr           4%           41%         4
 Summon Ice Beast         Ice/Summ       8%           41%         4
 Agony                    Necr           8%           75%         5
 Metabolic Englaciation   Hex/Ice        4%           75%         5
 Invisibility             Hex            8%           99%         6
 Discord                  Hex            4%           100%        8


Dungeon Overview and Level Annotations

Branches:
Dungeon (8/15)             Temple (1/1) D:4            Lair (5/6) D:8
 Shoals (0/4) Lair:2        Snake (0/4) Lair:2        Sewer (visited)
Gauntlet (visited)
  Slime: Lair:5-6

Altars:
Ashenzari
Cheibriados
Dithmenos
Elyvilon
Fedhas
Gozag
Hepliaklqana
Kikubaaqudgha
Makhleb
Nemelex Xobeh
Okawaru
Qazlal
Ru
Sif Muna
Trog
Uskayaw
Vehumet
Wu Jian
Xom
Yredelemnul
Zin
The Shining One

Annotations:
Lair:1 exclusion: oklob plant


Innate Abilities, Weirdness & Mutations

You are resistant to torment.
Your stone body is resilient. (AC +8)
You are immune to poison.
You resist negative energy. (rN+)
You are resistant to electric shocks. (rElec)
You can survive without breathing.
You are immune to petrification.
You are immune to miasma.
Your life essence is reduced to manifest your ancestor. (-10% HP)


Message History

Aiming: Petrify (dangerous; 1% risk of failure)
Press: ? - help, Shift-Dir - straight line, f - seven-headed hydra
Aim: a seven-headed hydra (chance to affect: 37%)
The seven-headed hydra resists with some effort.
The seven-headed hydra bites you but does no damage.
The seven-headed hydra bites you. The seven-headed hydra bites you!
* * * LOW HITPOINT WARNING * * *
The seven-headed hydra bites you but does no damage.
The seven-headed hydra closely misses you.
The seven-headed hydra bites you.
* * * LOW HITPOINT WARNING * * *
The seven-headed hydra barely misses you.
McGee hits the seven-headed hydra with a +0 flail!
McGee barely misses the seven-headed hydra.
The seven-headed hydra bites you!
* * * LOW HITPOINT WARNING * * *
The seven-headed hydra bites you.
* * * LOW HITPOINT WARNING * * *
The seven-headed hydra misses you. The seven-headed hydra bites you.
You die...

.P# #...........
..P.##...........
...PP.PPP.........
......P...........
..................
..................
..................
..........@..[....
#...#....D........
#....#....÷.#...P#
........R†..###..#
#.......÷....##...
.......<†....... .
...........##...
.....#.....# ##.
#..#.#.....#


You could see the friendly McGee the knight and a seven-headed hydra.

Vanquished Creatures
  2 hydras (Lair:3)
  An oklob plant (Gauntlet)
  4 elephants
  4 black mambas
  A guardian serpent (Lair:2)
  5 cane toads
  Maggie (D:7)
  2 komodo dragons (Lair:2)
  2 polar bears
  5 blink frogs
  A spectral meliai (Gauntlet)
  Sigmund (D:2)
  3 wyverns
  4 yaks (Lair:2)
  A basilisk (Lair:5)
  Edmund (D:4)
  An acid dragon (Gauntlet)
  9 water moccasins
  Duvessa (D:5)
  Purgy (Sewer)
  An ice beast (D:8)
  5 orc warriors
  A phantom (D:4)
  A sky beast (D:7)
  2 ogres
  4 centaurs
  4 wolves (Lair:3)
  A big kobold (D:7)
  4 bullfrogs
  A wyvern zombie (Gauntlet)
  Dowan (D:5)
  3 scorpions
  15 killer bees
  5 electric eels
  A jelly (D:5)
  A centaur zombie (D:7)
  2 hounds
  3 orc wizards
  3 orc priests
  Crazy Yiuf (D:4)
  An iguana (D:4)
  5 worker ants
  2 worker ant zombies
  3 gnolls (D:5)
  3 adders
  A river rat (D:3)
  An ufetubus (D:7)
  An ooze (D:4)
  An adder zombie (D:8)
  An adder skeleton (D:6)
  A worm (D:5)
  2 dart slugs
  4 leopard geckos
  24 orcs
  6 bats
  9 giant cockroaches
  6 goblins
  8 hobgoblins
  2 jackals (D:3)
  7 kobolds
  2 quokkas
  4 ball pythons
  A ball python skeleton (D:5)
  5 frilled lizards
  A leopard gecko skeleton (D:5)
  8 rats
218 creatures vanquished.

Vanquished Creatures (collateral kills)
  Sonja (Lair:1)
  2 elephants
  2 cane toads (Lair:1)
  4 blink frogs
  4 water moccasins
  An ogre (D:8)
  A wolf (Lair:3)
  A centaur (D:8)
  2 bullfrogs
  A scorpion (D:8)
  A hound (D:8)
  2 orc wizards
  A worker ant (D:8)
  An adder (D:8)
  A white imp (D:8)
  An ufetubus (D:7)
  2 leopard geckos
  6 orcs
  4 jackals (D:4)
  A frilled lizard (D:4)
  3 kobolds (D:7)
42 creatures vanquished.

Vanquished Creatures (others)
  4 knights
  7 ancestors
  9 fungi
  17 plants
37 creatures vanquished.

Grand Total: 297 creatures vanquished

Notes
Turn   | Place    | Note
-------+----------+-------------------------------------------
     0 | D:1      | nothank2 the Gargoyle Earth Elementalist began the quest
                  | for the Orb.
     0 | D:1      | Reached XP level 1. HP: 10/10 MP: 3/3
   219 | D:1      | Reached skill level 4 in Earth Magic
   288 | D:1      | Reached XP level 2. HP: 11/15 MP: 5/5
  1022 | D:1      | Reached XP level 3. HP: 15/19 MP: 3/6
  1913 | D:2      | Found a shadowy altar of Dithmenos.
  2349 | D:2      | Found a shimmering altar of Xom.
  2352 | D:2      | Reached skill level 5 in Earth Magic
  2356 | D:2      | Learned a level 3 spell: Stone Arrow
  2559 | D:2      | Noticed Sigmund
  2566 | D:2      | Killed Sigmund
  2567 | D:2      | Reached skill level 6 in Earth Magic
  2567 | D:2      | Reached XP level 4. HP: 21/24 MP: 1/9
  2567 | D:2      | Reached XP level 5. HP: 25/28 MP: 1/10
  3118 | D:3      | Learned a level 4 spell: Petrify
  3198 | D:3      | Found a white marble altar of Elyvilon.
  3333 | D:3      | Reached skill level 1 in Transmutations
  3333 | D:3      | Reached XP level 6. HP: 27/32 MP: 5/11
  3530 | D:3      | Found a glowing drain.
  3544 | Sewer    | Entered a sewer
  3718 | Sewer    | Noticed Purgy
  3723 | Sewer    | Killed Purgy
  3724 | Sewer    | Reached skill level 7 in Earth Magic
  4229 | D:4      | Reached XP level 7. HP: 36/36 MP: 9/13
  4279 | D:4      | Learned a level 5 spell: Lee's Rapid Deconstruction
  4483 | D:4      | Reached skill level 8 in Earth Magic
  4566 | D:4      | Noticed Edmund
  4654 | D:4      | Killed Edmund
  4965 | D:4      | Found a staircase to the Ecumenical Temple.
  4971 | Temple   | Entered the Ecumenical Temple
  5008 | Temple   | Became a worshipper of Hepliaklqana the Forgotten
  5340 | D:4      | Reached XP level 8. HP: 36/36 MP: 7/14
  5496 | D:4      | Found a runed translucent door.
  5497 | D:4      | Noticed Crazy Yiuf
  5723 | D:4      | Killed Crazy Yiuf
  5806 | D:5      | Entered Level 5 of the Dungeon
  5923 | D:5      | Reached skill level 9 in Earth Magic
  6418 | D:5      | Noticed Dowan
  6420 | D:5      | Noticed Duvessa
  6427 | D:5      | Killed Dowan
  6453 | D:5      | Killed Duvessa
  6454 | D:5      | Reached skill level 5 in Spellcasting
  6765 | D:5      | Found a glowing silver altar of Zin.
  6908 | D:5      | Found a bloodstained altar of Trog.
  7132 | D:6      | Found a snail-covered altar of Cheibriados.
  7234 | D:6      | Reached * piety under Hepliaklqana
  7315 | D:6      | Reached skill level 10 in Earth Magic
  8158 | D:7      | Reached XP level 9. HP: 40/40 MP: 10/17
  8284 | D:7      | HP: 2/40 [killer bee (6)]
  8743 | D:7      | Noticed Maggie
  8761 | D:7      | Reached skill level 11 in Earth Magic
  8762 | D:7      | Killed Maggie
  8921 | D:7      | Found a sparkling altar of Nemelex Xobeh.
  9075 | D:7      | Found an iron altar of Okawaru.
  9439 | D:7      | Reached skill level 5 in Transmutations
  9439 | D:7      | Reached skill level 12 in Earth Magic
  9521 | D:7      | Reached ** piety under Hepliaklqana
  9522 | D:7      | Remembered your ancestor McGee as a knight
  9593 | D:7      | Found a shimmering blue altar of Sif Muna.
  9597 | D:7      | Found a broken altar of Ashenzari.
  9900 | D:8      | Reached XP level 10. HP: 45/45 MP: 14/20
 10217 | D:8      | Found a staircase to the Lair.
 10401 | D:8      | Found a hide-covered altar of Uskayaw.
 10850 | Lair:1   | Entered Level 1 of the Lair of Beasts
 10850 | Lair:1   | Noticed Sonja
 11149 | D:8      | Reached skill level 13 in Earth Magic
 11347 | D:8      | Learned a level 3 spell: Gell's Gravitas
 11356 | Lair:1   | Killed Sonja
 11571 | Lair:1   | Noticed a cane toad
 11584 | Lair:1   | Learned a level 5 spell: Fireball
 11593 | Lair:1   | Killed a cane toad
 11597 | Lair:1   | Reached skill level 1 in Conjurations
 11901 | Lair:1   | You fall into a shaft and drop 1 floor!
 11911 | Lair:2   | Reached skill level 1 in Fire Magic
 12095 | Lair:1   | Noticed a cane toad
 12098 | Lair:1   | Reached skill level 1 in Fighting
 12104 | Lair:1   | Killed a cane toad
 12155 | Lair:1   | Noticed an oklob plant
 12340 | Lair:2   | Found a gate leading to a gauntlet.
 12354 | Gauntlet | Entered a Gauntlet
 12354 | Gauntlet | Reached *** piety under Hepliaklqana
 12354 | Gauntlet | Found a transporter.
 12354 | Gauntlet | Found a transporter.
 12355 | Gauntlet | Noticed a fire crab
 12356 | Gauntlet | Found a transporter.
 12357 | Gauntlet | Found a transporter.
 12359 | Gauntlet | Found a transporter.
 12378 | Gauntlet | Found a transporter.
 12378 | Gauntlet | Noticed a rust devil
 12386 | Gauntlet | Found a transporter.
 12427 | Gauntlet | Found a transporter.
 12427 | Gauntlet | Found a transporter.
 12428 | Gauntlet | Noticed a death drake
 12430 | Gauntlet | Found a transporter.
 12433 | Gauntlet | Noticed a wretched star
 12443 | Gauntlet | Found a transporter.
 12457 | Gauntlet | Found a transporter.
 12464 | Gauntlet | Noticed an elephant
 12467 | Gauntlet | Found a transporter.
 12468 | Gauntlet | Noticed a dire elephant
 12469 | Gauntlet | Noticed an elephant
 12470 | Gauntlet | Noticed an elephant
 12472 | Gauntlet | Found a transporter.
 12517 | Gauntlet | Noticed an oklob plant
 12551 | Gauntlet | Reached XP level 11. HP: 10/50 MP: 1/22
 12810 | Gauntlet | Killed an oklob plant
 12811 | Gauntlet | Reached skill level 1 in Armour
 12974 | Gauntlet | Got a scorched jade amulet
 13069 | Gauntlet | Identified the amulet "Qusof" {Spirit rF- Str+8 Int-3
                  | Dex+5} (You found it in a Gauntlet)
 13100 | Gauntlet | Identified Lynin's Collected Works on Entrancing Snow
 13104 | Gauntlet | Got a scintillating tin ring
 13178 | Gauntlet | Noticed a minotaur
 13721 | Lair:1   | Identified the cursed ring of Palu {rElec rN+ EV-4 Str-4
                  | Dex+3} (You found it in a Gauntlet)
 14033 | Lair:2   | Found a staircase to the Shoals.
 14505 | Lair:2   | Found a staircase to the Snake Pit.
 14519 | Lair:2   | Reached skill level 14 in Earth Magic
 15371 | Lair:3   | Got a heavily runed cloak
 15483 | Lair:3   | Identified the +0 cloak of Pessimism {rC- Str+2 Dex+5
                  | Stlth+} (You found it on level 3 of the Lair of Beasts)
 15521 | Lair:3   | Noticed a seven-headed hydra
 15532 | Lair:3   | Noticed an eight-headed hydra
 15541 | Lair:3   | Killed an eight-headed hydra
 15542 | Lair:3   | Reached skill level 5 in Fighting
 15542 | Lair:3   | Reached skill level 5 in Conjurations
 15708 | Lair:3   | Reached XP level 12. HP: 50/61 MP: 11/23
 15877 | Lair:3   | Killed an eight-headed hydra
 15878 | Lair:3   | Reached skill level 5 in Armour
 15878 | Lair:3   | Reached skill level 5 in Fire Magic
 16726 | Lair:4   | Reached **** piety under Hepliaklqana
 17604 | Lair:5   | Noticed a death yak
 17604 | Lair:5   | Noticed a death yak
 17610 | Lair:5   | Noticed a death yak
 17803 | Lair:5   | Noticed a seven-headed hydra
 17879 | Lair:5   | HP: 3/63 [seven-headed hydra (9)]
 17879 | Lair:5   | Slain by a seven-headed hydra

Illustrated notes

Levels and vault maps discovered:
D:1:      roderic_octagonal_star, layout_loops_corners, serial_forest,
          infiniplex_forest_side_room, infiniplex_forest_clump_double,
          infiniplex_forest_clump_tiny, infiniplex_forest_straight_2,
          minmay_pentomino_u2
D:2:      layout_basic, nicolae_overflow_hidden_temple,
          nicolae_dithmenos_through_a_glass_darkly, uniq_sigmund
D:3:      layout_rooms, elyvilon_altar_3, portal_sewer_entry_b
D:4:      layout_gridville, temple_green, kennysheep_generic_room_9,
          uniq_crazy_yiuf_cottage, uniq_edmund
D:5:      layout_cave_pools, nicolae_overflow_crystal_walls,
          lightli_temple_of_fire, uniq_duvessa
D:6:      layout_loops_ring, general_overflow_altar, serial_glass,
          glass_columns_c, glass_columns_b
D:7:      layout_loops_ring, marbit_many_paths, kennysheep_little_box,
          minitemple, uniq_maggie
D:8:      layout_basic, eat_drink_and_be_merry_uskayaw, lair_entry_dummy
Temple:   minmay_temple_bridge_abc
Lair:1:   layout_hall_layers, lemuel_fruit_tree, infiniplex_staircase_pool,
          serial_bayou_shore_b, minmay_lair_oklob_chamber, uniq_sonja
Lair:2:   layout_concentric_octagons, shoals_dummy_entry,
          minmay_snake_entry_spellcaster, gauntlet_entry_generic,
          portal_ice_cave_entry_pillars_1, infiniplex_staircase_pool_2,
          serial_bayou_shore_a, grunt_megastairs_4
Lair:3:   layout_concentric_octagons, chequers_serial_rivers_small_3,
          wad_woods_road_01, grunt_megastairs_2
Lair:4:   layout_roguey, grunt_megastairs_3
Lair:5:   layout_regular_city, slime_altar_1

Skill      XL: |  1  2  3  4  5  6  7  8  9 10 11 12 |
---------------+-------------------------------------+-----
Earth Magic    | 4 6 7 8 10 12 13 14 | 14.6
Spellcasting   | 3 4 5 6 7 8 |  8.2
Transmutations | 1 2 3 5 6 |  6.1
Conjurations   | 2 5 6 |  6.5
Fire Magic     | 1 4 5 |  5.8
Fighting       | 1 5 6 |  6.4
Armour         | 4 5 |  5.1
Dodging        | |  1.5
Stealth        | |  2.1

Action                   |  1- 3 |  4- 6 |  7- 9 | 10-12 || total
-------------------------+-------+-------+-------+-------++-------
Melee: Unarmed           |    27 |       |       |       ||    27
       Club              |    11 |       |       |       ||    11
       Dagger            |    99 |       |       |       ||    99
       Scythe            |       |    43 |    76 |    62 ||   181
 Cast: Sandblast         |    22 |    29 |    53 |    56 ||   160
       Stone Arrow       |       |       |    39 |   107 ||   146
       Lee's Rapid Decon |       |       |    21 |    40 ||    61
       Petrify           |       |       |     6 |     7 ||    13
       Gell's Gravitas   |       |       |       |     1 ||     1
Invok: Ancestor Identity |       |       |     1 |       ||     1
       Ancestor Life: Kn |       |       |     1 |       ||     1
       Recall Ancestor   |       |       |       |     4 ||     4
  Use: Scroll            |       |    15 |     1 |    11 ||    27
 Stab: Sleeping          |     5 |     4 |     1 |       ||    10
       Petrified         |       |       |    10 |     8 ||    18
       Petrifying        |       |       |     1 |       ||     1
       Distracted        |       |       |     1 |       ||     1
Armor: Robe              |    50 |    42 |    69 |    32 ||   193
       Acid dragon scale |       |       |       |    67 ||    67
Dodge: Dodged            |    91 |    44 |    89 |   103 ||   327
       Repelled          |       |       |       |     4 ||     4
